[Event "1000GM Memorial Day NY IM-C 2023"]
[Site "New York"]
[Date "2023.05.30"]
[Round "9.5"]
[White "Moor, Nathaniel Philip"]
[Black "Mahajan, Rushaan"]
[Result "1-0"]
[ECO "D52"]
[WhiteElo "2185"]
[BlackElo "2279"]
[Annotator "TA"]
[PlyCount "123"]
[EventDate "2023.05.23"]
[EventType "tourn"]
[EventCountry "USA"]
[SourceTitle "playchess.com"]
[Source "ChessBase"]
[SourceQuality "1"]
[TimeControl "5400+30"]

1. d4 Nf6 2. Nf3 e6 3. c4 d5 4. Nc3 Nbd7 5. Bg5 c6 6. cxd5 exd5 7. e3 Qa5 8. Bd3 Ne4 9. O-O $1 {9.0-0 scores better than 9.Qc2.} Nxg5 10. Nxg5 Nf6 11. a3 $1 {D52: Queen's Gambit Declined: Cambridge Springs Variation.} h6 12. Nf3 {[#]} Qd8 $146 ({Predecessor:} 12... Bg4 13. h3 Be6 14. b4 Qc7 15. Rc1 a6 16. Ne5 Bd6 17. f4 O-O 18. Qc2 Qe7 {1-0 Mehlhorn,U (2513)-Gil,M (2603) Bogolyubov Memorial-A email 2010}) 13. Ne5 {The position is equal.} Bd6 14. f4 Be6 15. Qf3 h5 16. h3 a6 17. b4 (17. Rae1 {is interesting.} O-O 18. Qg3 Ne8 19. Bc2) 17... Kf8 18. Na4 Qe7 19. Nc5 Bxe5 $2 (19... Kg8 $14) 20. fxe5 $18 (20. dxe5 $6 Nd7 $16) 20... Nd7 21. Ra2 (21. Nxb7 $6 Nxe5 22. dxe5 Qxb7 $16) (21. Nxe6+ $1 $18 Qxe6 22. Bf5) 21... Nxc5 $16 22. bxc5 (22. dxc5 $6 h4 $11) 22... Kg8 (22... Rh6 $142 23. Rb1 Rc8) 23. Rb1 g6 24. Rab2 Bc8 25. Rf2 Kg7 {Black is weak on the dark squares} 26. Qg3 h4 27. Qf4 Re8 (27... Rh5 $16 {was called for.} 28. Qf6+ Qxf6 29. Rxf6 Rg5) 28. e4 Be6 (28... dxe4 $16 29. Qxe4 (29. Bxe4 Be6 $16) 29... Qg5) 29. Qf6+ Kh6 {[#]} 30. Rxb7 $3 Qxf6 31. exf6 dxe4 32. Bxe4 Rac8 33. Rb6 {[%csl LRa6,LRc6] White has more active pieces.} Bd7 34. Bd3 a5 35. Ra6 (35. Ba6 $16) 35... Ra8 $14 36. Rxa8 Rxa8 {[%mdl 4096] Endgame KRB-KRB} 37. Bc4 Be8 {[#]} ({Black should try} 37... Bf5 $14) 38. d5 $1 $16 cxd5 39. Bxd5 Rc8 40. Rc2 {c6 is the strong threat.} Bc6 41. Bxc6 Rxc6 {KR-KR} 42. Kf2 Kg5 43. Ke3 Kxf6 44. Kd4 {Kd5 would be deadly.} Ke6 45. Rb2 ({Better is} 45. Rf2) 45... Kd7 {[#]} 46. Rb7+ $1 Rc7 47. Rb5 Ra7 48. Kd5 a4 $2 (48... Kc7 $16) 49. Rb4 $18 g5 $2 (49... Kc7 50. Rf4 (50. Rxh4 Ra8 $18) 50... Kc8 51. Rxh4 Rd7+ 52. Kc6 Rc7+ 53. Kd6 Rd7+ 54. Kc6 Rc7+ 55. Kb5 Rb7+ 56. Kxa4 Kd7) 50. Rg4 $2 (50. Rb8 Rc7 51. Ra8) 50... f6 (50... Ra6 $142 51. Rxg5 Rf6) 51. Rb4 {Hoping for Rb8.} Ke7 $2 (51... Kc8 52. Ke6 Rc7 53. Kxf6 (53. Rxa4 Rxc5 54. Kxf6 Kd8 $18) 53... Rxc5 54. Rxa4 Kd8) 52. Re4+ (52. Kc6 $142 {Intending Rb7+ and mate.} Ke6 53. Kb6) 52... Kf7 53. c6 {[%cal Bc5c6,Bc6c7][%mdl 32] Against Rd7+. White mates.} Re7 54. Rxa4 Re5+ 55. Kd6 Re6+ 56. Kc5 Ke7 57. Rd4 Re2 58. c7 Rc2+ 59. Kb6 Rb2+ 60. Kc6 Rc2+ 61. Kb7 Rb2+ 62. Rb4 {Weighted Error Value: White=0.31/Black=0.32} 1-0